 Dungeon Crawl Stone Soup version 0.29.1-12-g30fa7ad0bf (webtiles) character file.

Game seed: 2262909177168761194

113556 cheesebisquit the Severer (level 16, -4/232 HPs)
             Began as a Minotaur Berserker on Jan 4, 2023.
             Was an Elder of Trog.
             Slain by a steelbarb worm (12 damage)
             ... on level 3 of the Spider Nest on Jan 5, 2023.
             The game lasted 02:31:51 (30424 turns).

cheesebisquit the Severer (Minotaur Berserker)     Turns: 30424, Time: 02:31:51

Health: -4/232     AC: 37    Str: 30    XL:     16   Next: 14%
Magic:  13/13      EV: 10    Int:  4    God:    Trog [****..]
Gold:   2303       SH: 13    Dex: 10    Spells: 15/15 levels left

rFire   . . .      SeeInvis .   a - +3 war axe (flame)
rCold   + . .      Faith    .   G - +0 buckler
rNeg    . . .      Spirit   .   e - +7 plate armour
rPois   +          Reflect  +   O - +2 hat
rElec   .          Harm     .   s - +2 cloak
rCorr   .          Rampage  .   B - +2 pair of gloves
Will    +++..                   u - +2 pair of boots
Stlth   ..........              P - amulet of reflection
HPRegen 1.48/turn               w - ring of poison resistance
MPRegen 0.13/turn               L - ring "Soproha" {+Blink rC+ Slay+6}

@: berserking (expiring), lethally poisoned (-4 -> -10), strong-willed, spiked,
regenerating, very quick
A: horns 2, retaliatory headbutt, low MP 1
a: Renounce Religion, Evoke Blink, Berserk, Trog's Hand, Brothers in Arms


You were on level 3 of the Spider Nest.
You worshipped Trog.
Trog was greatly pleased with you.
You visited 4 branches of the dungeon, and saw 26 of its levels.
You also visited: Ice Cave.

You collected 3397 gold pieces.
You spent 1094 gold pieces at shops.

Inventory:

Hand Weapons
 a - a +3 war axe of flaming (weapon)
 b - a +0 sling
 c - a +0 morningstar
Missiles
 n - a curare-tipped dart
 o - 251 stones
 q - 43 poisoned darts
 C - 3 throwing nets
Armour
 e - a +7 plate armour (worn)
 s - a +2 cloak (worn)
 u - a +2 pair of boots (worn)
 B - a +2 pair of gloves (worn)
 G - a +0 buckler (worn)
 O - a +2 hat (worn)
Jewellery
 f - a ring of willpower
 w - a ring of poison resistance (left hand)
 F - a +6 ring of strength
 L - the ring "Soproha" (right hand) {+Blink rC+ Slay+6}
   (You acquired it on level 9 of the Dungeon)

   [ring of protection from cold]

   Slay:      It affects your accuracy & damage with ranged weapons and melee
   (+6).
   rC:        It protects you from cold.
   +Blink:    It lets you blink.
 P - an amulet of reflection (around neck)
 X - a ring of see invisible
Wands
 i - a wand of light (5)
 r - a wand of charming (5)
 y - a wand of polymorph (8)
 E - a wand of flame (35)
 H - a wand of iceblast (31)
 R - a wand of mindburst (8)
 S - a wand of digging (2)
Scrolls
 g - 12 scrolls of teleportation
 h - 7 scrolls of blinking
 j - 7 scrolls of fear
 k - 3 scrolls of magic mapping
 m - a scroll of brand weapon
 v - a scroll of poison
 x - 4 scrolls of fog
 z - 4 scrolls of vulnerability
 A - a scroll of immolation
 J - a scroll of summoning
 T - a scroll of identify
 U - 2 scrolls of torment
Potions
 d - 2 potions of heal wounds
 l - 2 potions of mutation
 t - 11 potions of curing
 D - 7 potions of lignification
 I - 2 potions of might
 K - 3 potions of berserk rage
 M - 5 potions of haste
 N - 3 potions of attraction
 Q - a potion of resistance
 V - 3 potions of flight
 W - 3 potions of invisibility
Miscellaneous
 p - a phial of floods


   Skills:
 + Level 17.0 Fighting
 + Level 19.9(20.0) Axes
 - Level 2.0(13.2) Maces & Flails
 - Level 5.9 Throwing
 + Level 15.4 Armour
 + Level 4.8 Dodging
 + Level 18.5 Shields
 - Level 4.5 Evocations


You had 15 spell levels left.
You didn't know any spells.
Your spell library was empty.

Dungeon Overview and Level Annotations

Branches:
Dungeon (15/15)            Temple (0/1) D:6            Lair (5/5) D:9
 Shoals (0/4) Lair:3       Spider (4/4) Lair:2        Slime (0/5) Lair:4
    Orc (2/2) D:9             Elf (0/3) Orc:2        Vaults (0/5) D:13
 Depths (0/4) D:15          IceCv (visited)

Altars:
Ashenzari
Cheibriados
Dithmenos
Elyvilon
Gozag
Hepliaklqana
Kikubaaqudgha
Makhleb
Nemelex Xobeh
Qazlal
Ru
Sif Muna
Trog
Uskayaw
Vehumet
Wu Jian
Zin
Jiyva

Shops:
D:2 ??(   D:14 [(   D:15 [   Orc:2 [(=(

Portals:
Bailey: D:8


Innate Abilities, Weirdness & Mutations

You have a pair of horns on your head.
You reflexively headbutt those who attack you in melee.
Your magical capacity is low. (-10% MP)


Message History

You slice the moth of wrath!! You burn the moth of wrath.
You kill the moth of wrath!
Trog accepts your kill.
You barely miss the jumping spider. You slash the redback!
You burn the redback. You barely miss the demonic crawler.
You slash the wolf spider! You burn the wolf spider.
You hit the steelbarb worm. You burn the steelbarb worm.
You feel sick.
The jumping spider pounces on you but does no damage.
You block the jumping spider's attack. You block the steelbarb worm's attack.
The redback bites you but does no damage.
You block the wolf spider's attack. x2
Your Fighting skill increases to level 17!
You slash the wolf spider! You burn the wolf spider.
The wolf spider is almost dead.
You hit the steelbarb worm. You slash the jumping spider!
You burn the jumping spider! You slash the redback! You burn the redback.
You slash the demonic crawler! You burn the demonic crawler.
You feel sick. The jumping spider pounces on you!
* * * LOW HITPOINT WARNING * * *
The jumping spider bites you but does no damage.
You block the steelbarb worm's attack.
The redback bites you but does no damage.
The demonic crawler shrieks in warning!
Cleave: a) +3 war axe (flame)
Press: ? - help, Dir - move target Your weapon can't reach that far!
Okay, then.
You are too berserk!
You closely miss the wolf spider.
The wolf spider is almost dead.
You slice the steelbarb worm!! You burn the steelbarb worm.
You closely miss the jumping spider. You slash the redback!
You burn the redback.
You hit the demonic crawler but do no damage.
You feel sick. The wolf spider misses you. You block the wolf spider's attack.
The jumping spider pounces on you!
* * * LOW HITPOINT WARNING * * *
The jumping spider barely misses you. You block the redback's attack.
The steelbarb worm hits you!
You die...

#...#######...######...##
#^.##.^^...#### ##...## #
#.#...######
#######.^...##### #.#..##
###..##........[#.. ###..#
##....#.....<....... #.##
##.............####.# ##^#
#.........###### ##. #####..#
##..s[s...## ##. .....>.#
##...s@[...## #..
...^..#####....w†s....# #..
....####^.............# #..
######................####
#.. # ###.................##
#.. ##.................## #..
##..................## #..
#####..#.................#
#..
####..^..##.^...............#
#..


You could see a steelbarb worm (berserk), a demonic crawler (catching breath), a
wolf spider (berserk), a jumping spider (berserk) and a redback (berserk).

Vanquished Creatures
  Frances (Spider:1)
  Agnes (D:15)
  Gastronok (Lair:2)
  Kirke (D:15)
  3 emperor scorpions
  An orc warlord (Orc:1)
  3 broodmothers
  3 dire elephants
  An entropy weaver (Spider:2)
  2 spark wasps
  Snorg (D:11)
  Harold (Lair:2)
  4 hydras
  An ice dragon (Lair:3)
  5 boulder beetles
  Erolcha (D:11)
  A centaur warrior (D:13)
  2 radroaches (Spider:3)
  3 two-headed ogres
  Erica (Lair:2)
  A catoblepas (D:15)
  2 tengu warriors
  2 ironbound frosthearts (IceCv)
  7 death yaks
  A spectral dire elephant (Lair:5)
  An orc high priest (Orc:2)
  A sun moth (Spider:1)
  A spectral death yak (Lair:5)
  A spectral anaconda (Lair:5)
  A skeletal warrior (D:13)
  2 pharaoh ants
  2 steelbarb worms
  3 orb spiders (Spider:3)
  An obsidian statue (Lair:5)
  Pikel (D:8)
  2 orc knights
  4 necromancers (Lair:5)
  2 deep elf pyromancers
  5 wolf spiders
  3 ugly things (D:15)
  6 orc sorcerers
  4 manticores
  5 cyclopes
  2 moths of wrath
  2 ice statues
  3 black mambas
  2 torpor snails (Spider:3)
  15 elephants
  4 centaur skeletons (D:13)
  6 cane toads
  A gargoyle (D:11)
  5 komodo dragons
  An unseen horror (D:12)
  A freezing wraith (Lair:3)
  Psyche (D:12)
  A rime drake (Lair:4)
  5 yaktaurs (D:13)
  An efreet (D:14)
  5 demonic crawlers
  3 ice devils (Lair:3)
  A tengu conjurer (D:15)
  A merfolk (D:15)
  8 trolls
  3 meliai
  9 polar bears
  10 blink frogs
  A hornet (D:10)
  13 tarantellas
  2 slime creatures
  14 dream sheep
  A spectral elephant (Lair:5)
  A snapping turtle (Lair:3)
  10 culicivoras
  A ynoxinul (D:10)
  A shadow (D:10)
  3 dire elephant simulacra
  4 water elementals (D:14)
  56 yaks
  18 jumping spiders
  2 wraiths
  2 wyverns (Lair:1)
  4 basilisks
  A vampire (D:13)
  5 hogs (D:15)
  2 death yak simulacra (Lair:5)
  17 redbacks
  Menkaure (D:5)
  3 vampire mosquitoes (D:10)
  A spectral cane toad (Lair:5)
  4 acid dragons
  3 wargs
  8 water moccasins
  2 black bears
  A black bear (shapeshifter) (D:15)
  2 elephant zombies (Lair:5)
  19 orc warriors
  4 ice beasts
  3 sky beasts
  A tengu (shapeshifter) (D:14)
  20 wolves
  6 ogres
  3 elephant skeletons (Lair:5)
  6 centaurs
  4 lemures (D:8)
  4 kobold brigands
  10 bullfrogs
  4 necrophages
  A cane toad simulacrum (Lair:5)
  A scorpion (D:5)
  3 wights (D:7)
  An elephant simulacrum (Lair:3)
  24 killer bees
  6 howler monkeys
  4 electric eels
  8 hounds
  14 orc priests
  3 gnoll boudas
  4 jellies
  Crazy Yiuf (D:3)
  3 iguanas
  23 orc wizards
  4 hell rats (Lair:5)
  22 gnolls
  7 adders
  2 naga simulacra (Lair:3)
  4 white imps
  3 worms
  2 dart slugs (D:1)
  56 orcs
  9 ball pythons
  2 bats (D:1)
  5 endoplasms
  4 giant cockroaches
  11 goblins
  5 hobgoblins
  6 jackals (D:1)
  20 kobolds
  5 quokkas
  A frilled lizard (D:3)
  8 rats
724 creatures vanquished.

Vanquished Creatures (others)
  A polar bear (Lair:3)
  A jumping spider (Spider:3)
  An electric eel (D:14)
  21 fungi
  23 plants
  24 withered plants (Lair:5)
71 creatures vanquished.

Grand Total: 795 creatures vanquished

Notes
Turn   | Place    | Note
-------+----------+-------------------------------------------
     0 | D:1      | cheesebisquit the Minotaur Berserker began the quest for
                  | the Orb.
     0 | D:1      | Reached XP level 1. HP: 19/19 MP: 0/0
     6 | D:1      | Noticed a komodo dragon
     6 | D:1      | Noticed a tyrant leech
     6 | D:1      | Noticed a servant of whispers
     7 | D:1      | Noticed a hell rat
     7 | D:1      | Noticed a yaktaur captain
   100 | D:1      | Reached XP level 2. HP: 24/27 MP: 1/1
   148 | D:1      | Reached skill level 4 in Axes
   540 | D:1      | Reached XP level 3. HP: 33/33 MP: 2/2
   704 | D:1      | Reached ** piety under Trog
  1157 | D:2      | Reached skill level 5 in Axes
  1326 | D:2      | Found Awniledd's Antique Weapon Emporium.
  1481 | D:2      | Found Kangull's Magic Scroll Emporium.
  1487 | D:2      | Bought a scroll of identify for 24 gold pieces
  1487 | D:2      | Bought a scroll of identify for 24 gold pieces
  1487 | D:2      | Bought a scroll of identify for 24 gold pieces
  1487 | D:2      | Bought a scroll of identify for 24 gold pieces
  1605 | D:2      | Found a faded altar of an unknown god.
  1808 | D:2      | Reached XP level 4. HP: 39/40 MP: 3/3
  1853 | D:2      | Found Geadeil's Magic Scroll Emporium.
  2128 | D:3      | Found a broken altar of Ashenzari.
  2130 | D:3      | Identified the +3 leather armour of Blue Skies {Str+2}
  2254 | D:3      | Reached skill level 6 in Axes
  2670 | D:3      | Reached *** piety under Trog
  3015 | D:3      | Found a runed translucent door.
  3016 | D:3      | Noticed Crazy Yiuf
  3053 | D:3      | Killed Crazy Yiuf
  3054 | D:3      | Reached XP level 5. HP: 26/46 MP: 0/4
  3233 | D:4      | Reached skill level 7 in Axes
  3560 | D:4      | Found a glowing silver altar of Zin.
  3659 | D:4      | Reached skill level 8 in Axes
  3659 | D:4      | Reached XP level 6. HP: 52/52 MP: 5/5
  3774 | D:4      | Found a sparkling altar of Nemelex Xobeh.
  4153 | D:5      | Entered Level 5 of the Dungeon
  4355 | D:5      | Reached skill level 9 in Axes
  4593 | D:5      | Reached XP level 7. HP: 42/58 MP: 6/6
  4906 | D:5      | Reached skill level 10 in Axes
  4985 | D:5      | Noticed Menkaure
  4992 | D:5      | Killed Menkaure
  5275 | D:5      | Found an ancient bone altar of Kikubaaqudgha.
  5305 | D:5      | Reached skill level 11 in Axes
  5449 | D:6      | Reached XP level 8. HP: 19/66 MP: 7/7
  5755 | D:6      | Reached skill level 12 in Axes
  5962 | D:6      | Found a staircase to the Ecumenical Temple.
  5970 | D:6      | Reached skill level 13 in Axes
  6549 | D:7      | Found a hide-covered altar of Uskayaw.
  6581 | D:7      | Found a burning altar of Makhleb.
  6599 | D:7      | Reached skill level 14 in Axes
  6599 | D:7      | Reached XP level 9. HP: 71/71 MP: 8/8
  6737 | D:7      | Reached skill level 15 in Axes
  7037 | D:8      | Found a flagged portal.
  7090 | D:8      | Reached **** piety under Trog
  7144 | D:8      | Found a sacrificial altar of Ru.
  7184 | D:8      | Noticed Pikel
  7207 | D:8      | Killed Pikel
  7208 | D:8      | Reached skill level 16 in Axes
  7331 | D:8      | Found an opulent altar of Gozag.
  7379 | D:8      | Reached XP level 10. HP: 78/78 MP: 9/9
  7379 | D:8      | Identified the +4 trident "Grim" {elec, rPois rC+ rN+
                  | Dex+4}
  7406 | D:8      | Reached skill level 17 in Axes
  7421 | D:8      | Found a hazy altar of Hepliaklqana.
  7489 | D:8      | Found a radiant altar of Vehumet.
  8269 | D:9      | Found a staircase to the Orcish Mines.
  8366 | D:9      | Found a staircase to the Lair.
  8455 | D:9      | Found a white marble altar of Elyvilon.
  8465 | D:9      | Reached skill level 18 in Axes
  8834 | D:10     | Entered Level 10 of the Dungeon
  8870 | D:10     | Reached skill level 19 in Axes
  9113 | D:10     | Noticed a two-headed ogre
  9119 | D:10     | Killed a two-headed ogre
  9120 | D:10     | Reached XP level 11. HP: 83/83 MP: 10/10
  9705 | D:10     | Reached skill level 5 in Fighting
  9705 | D:10     | Reached skill level 1 in Shields
  9930 | D:10     | Found a snail-covered altar of Cheibriados.
  9976 | D:10     | Found a bloodstained altar of Trog.
 10100 | D:10     | Found a shimmering blue altar of Sif Muna.
 10137 | D:10     | Reached skill level 5 in Armour
 10497 | D:10     | Found an ornate altar of the Wu Jian Council.
 10662 | D:11     | Noticed Snorg
 10671 | D:11     | Killed Snorg
 10742 | D:11     | Noticed a seven-headed hydra
 10754 | D:11     | Killed a 12-headed hydra
 10821 | D:11     | Noticed Erolcha
 10828 | D:11     | Killed Erolcha
 11156 | D:11     | Noticed a boulder beetle
 11169 | D:11     | Killed a boulder beetle
 11335 | D:11     | Reached skill level 5 in Shields
 11339 | D:11     | Identified the ring "Volo" {rElec rF- EV+4 Int+4 Stlth+}
 11515 | D:12     | Reached XP level 12. HP: 72/104 MP: 11/11
 11761 | D:12     | Noticed Psyche
 11770 | D:12     | Killed Psyche
 12974 | D:9      | Identified 3 scrolls of acquirement
 12975 | D:9      | Acquired a +0 hat of willpower
 12982 | D:9      | Acquired the ring "Soproha" {+Blink rC+ Slay+6}
 12986 | D:9      | Acquired 763 gold pieces
 12989 | Lair:1   | Entered Level 1 of the Lair of Beasts
 13058 | Lair:1   | Reached skill level 10 in Fighting
 14146 | Lair:2   | Noticed Gastronok
 14161 | Lair:2   | Killed Gastronok
 14405 | Lair:2   | Found a hole to the Spider Nest.
 14505 | Lair:2   | Noticed Erica
 14538 | Lair:2   | Killed Erica
 14584 | Lair:2   | Noticed Harold
 14599 | Lair:2   | Killed Harold
 15396 | Lair:3   | Noticed an ice dragon
 15417 | Lair:3   | Killed an ice dragon
 15418 | Lair:3   | Reached XP level 13. HP: 43/118 MP: 12/12
 15983 | Lair:3   | Found a staircase to the Shoals.
 16477 | Lair:4   | Found a viscous altar of Jiyva.
 16478 | Lair:4   | Found a staircase to the Slime Pits.
 16679 | Lair:4   | Reached skill level 10 in Armour
 16708 | Lair:4   | Found a gate leading to a gauntlet.
 16822 | Lair:4   | Reached skill level 10 in Shields
 17396 | Lair:5   | Entered Level 5 of the Lair of Beasts
 17591 | Lair:5   | Noticed a dire elephant
 17591 | Lair:5   | Noticed a dire elephant
 18000 | Lair:5   | Killed a dire elephant
 18008 | Lair:5   | Killed a dire elephant
 18009 | Lair:5   | Reached skill level 1 in Throwing
 18239 | Lair:5   | Reached XP level 14. HP: 132/132 MP: 13/13
 18242 | Lair:5   | Identified the ring of Demons {rN+ MP+9}
 19364 | Orc:1    | Entered Level 1 of the Orcish Mines
 19364 | Orc:1    | Noticed an orc warlord
 19364 | Orc:1    | Found a frozen archway.
 19377 | Orc:1    | Killed an orc warlord
 19665 | IceCv    | Entered an ice cave
 20399 | IceCv    | Identified the amulet of Megalomania {RegenMP Harm Will+
                  | Dex-3}
 20846 | Orc:2    | Entered Level 2 of the Orcish Mines
 20884 | Orc:2    | Reached skill level 15 in Fighting
 20898 | Orc:2    | Reached skill level 15 in Shields
 21089 | Orc:2    | Found a staircase to the Elven Halls.
 21202 | Orc:2    | Reached skill level 5 in Throwing
 21218 | Orc:2    | Found Peybuuxa's Antique Armour Boutique.
 21218 | Orc:2    | Found Jokol's Weapon Shop.
 21218 | Orc:2    | Found Geafeleu's Jewellery Shop.
 21226 | Orc:2    | Found Koibb's Weapon Boutique.
 21320 | Orc:2    | Bought a ring of poison resistance for 280 gold pieces
 21320 | Orc:2    | Bought a +6 ring of strength for 504 gold pieces
 22551 | D:13     | Reached XP level 15. HP: 131/141 MP: 14/14
 22712 | D:13     | Found a gate to the Vaults.
 22840 | D:14     | Found Supogetz's Antique Armour Shoppe.
 22919 | D:14     | Found Adoag's Antique Weapon Shop.
 22932 | D:14     | Bought a runed war axe for 214 gold pieces
 23042 | D:14     | Found a shadowy altar of Dithmenos.
 23059 | D:14     | Reached skill level 1 in Evocations
 24301 | D:15     | Entered Level 15 of the Dungeon
 24304 | D:15     | Noticed Agnes
 24315 | D:15     | Killed Agnes
 24442 | D:15     | Found Osmucs's Antique Armour Shop.
 24762 | D:15     | Noticed Kirke
 24775 | D:15     | Killed Kirke
 24829 | D:15     | Found a stormy altar of Qazlal.
 25088 | D:15     | Noticed an emperor scorpion
 25098 | D:15     | Killed an emperor scorpion
 25099 | D:15     | Found a staircase to the Depths.
 25435 | Spider:1 | Entered Level 1 of the Spider Nest
 25700 | Spider:1 | Noticed Frances
 25712 | Spider:1 | Killed Frances
 27259 | Spider:2 | Reached ***** piety under Trog
 27274 | Spider:2 | Reached skill level 15 in Armour
 28311 | Spider:3 | Reached skill level 1 in Maces & Flails
 28318 | Spider:3 | Gained mutation: Your magical capacity is low. (-10% MP)
                  | [mutagenic glow]
 28740 | Spider:3 | Noticed an emperor scorpion
 28754 | Spider:3 | Killed an emperor scorpion
 29511 | Spider:4 | Entered Level 4 of the Spider Nest
 29580 | Spider:3 | Reached XP level 16. HP: 131/154 MP: 13/13
 30424 | Spider:3 | HP: 8/232 [jumping spider (9)]
 30424 | Spider:3 | Slain by a steelbarb worm

Illustrated notes

Levels and vault maps discovered:
D:1:      onia_arrival_zoo_common, layout_basic
D:2:      layout_basic, shapermc_ecumenical_altar_starsandcircs, serial_shops,
          nicolae_shop_hallway_plus, nicolae_shop_stone, nicolae_diamond_shop,
          minmay_ruptured
D:3:      layout_loops_cross, nicolae_ashenzari_panopticon,
          nicolae_kite_square_tiling_tiny, uniq_crazy_yiuf_cottage
D:4:      layout_basic, mainiacjoe_overflow_six_doors_small, zin_statuary,
          serial_rivers, chequers_serial_rivers_micro_c,
          chequers_serial_rivers_micro_b, chequers_serial_rivers_marsh,
          chequers_serial_rivers_micro_d, chequers_serial_rivers_large_a
D:5:      layout_basic, nicolae_kikubaaqudgha_miasma_corner,
          nicolae_figureground_sparkle, uniq_menkaure
D:6:      layout_basic, minmay_temple_entry_fiery, serial_curves,
          eino_curves_03, eino_curves_04, grunt_ministairs_6,
          lemuel_flame_loot_1
D:7:      layout_basic, mainiacjoe_overflow_large_starburst
D:8:      layout_rooms, mainiacjoe_overflow_concentric_impassable,
          marbit_many_paths, lemuel_crystal_altar, nicolae_vehumet_altar_sigil,
          enter_bailey_5, uniq_pikel
D:9:      layout_irregular_city, elyvilon_altar_5, erik_lair_island, orc_david_3
D:10:     layout_roguey, nzn_overflow_gifts_of_might_and_magic,
          pdpol_wu_jian_five_deadly_venoms, kennysheep_little_box
D:11:     layout_roguey, uniq_snorg, uniq_erolcha
D:12:     layout_cave_pods, nrook_mini_backslash, kennysheep_dice, uniq_psyche
D:13:     layout_gridville, hangedman_vaults_entry_quadrant_bands
D:14:     layout_basic, nicolae_dithmenos_the_darkroom, serial_shops, shop, shop
D:15:     hangedman_depths_entry_try_elsewhere_first, layout_loops_cross,
          nicolae_qazlal_style_of_elements, nicolae_wooded_promenade,
          uniq_agnes, uniq_kirke
Lair:1:   layout_hall_layers
Lair:2:   layout_chaotic_city, spider_nest_entry_a, uniq_erica, uniq_harold,
          uniq_gastronok
Lair:3:   dreamdust_isle_of_ice, layout_regular_city, minmay_shoals_entry_hut,
          lemuel_fruit_tree
Lair:4:   layout_gridlike, minmay_slime_entry_pillars, gauntlet_entry_generic,
          nzn_sisyphean_effort
Lair:5:   due_jungle_book, layout_regular_city
Spider:1: layout_spider_delve, uniq_frances
Spider:2: layout_chambers, hangedman_spider_mandibles,
          nicolae_spider_cling_halls
Spider:3: layout_cave_pods
Spider:4: grunt_spider_rune_circles
Orc:1:    layout_caves, serial_shops, ebering_ghost_xom,
          portal_ice_cave_entry_pillars_1, uniq_fannar
Orc:2:    st_orc_mages, layout_caves

Skill      XL: |  1  2  3  4  5  6  7  8  9 10 11 12 13 14 15 16 |
---------------+-------------------------------------------------+-----
Axes           | 4 5 6 8 9 11 14 16 19 | 19.9
Fighting       | 9 12 14 15 16 17 | 17.0
Armour         | 6 9 12 13 15 | 15.4
Dodging        | 3 4 |  4.8
Shields        | 5 8 13 16 18 | 18.5
Throwing       | 1 5 |  5.9
Evocations     | 4 |  4.5
Maces & Flails | 2 |  2.0

Action                   |  1- 3 |  4- 6 |  7- 9 | 10-12 | 13-15 | 16-18 || total
-------------------------+-------+-------+-------+-------+-------+-------++-------
Melee: Hand axe          |    87 |   129 |   307 |    30 |       |       ||   553
       Headbutt          |    18 |    17 |    57 |    93 |   240 |     7 ||   432
       Punch             |     1 |     3 |     3 |     2 |       |       ||     9
       War axe           |       |       |       |   408 |   917 |    30 ||  1355
       Flail             |       |       |       |       |     4 |       ||     4
 Fire: Sling             |       |       |       |     2 |       |       ||     2
Invok: Trog's Hand       |       |     2 |     8 |    20 |    28 |     4 ||    62
       Berserk           |       |     2 |     8 |    16 |    25 |     4 ||    55
  Use: Scroll            |     3 |     6 |     1 |    18 |    14 |       ||    42
       Potion            |       |     1 |     1 |     3 |     1 |       ||     6
Armor: Animal skin       |    17 |       |       |       |       |       ||    17
       Leather armour    |       |    37 |       |       |       |       ||    37
       Chain mail        |       |    26 |   142 |       |       |       ||   168
       Plate armour      |       |       |    14 |   423 |   553 |   113 ||  1103
Dodge: Dodged            |    61 |    59 |    85 |   167 |   243 |    49 ||   664
Block: Buckler           |       |       |       |    79 |   466 |    70 ||   615
       Reflection        |       |       |       |       |    24 |       ||    24
